 Dungeon Sprint DCSS version 0.26-a0-663-g36e8fdb655 (webtiles) character file.

Game seed: 3982471619152753472

148 Conn the Thaumaturge (level 5, 0/31 HPs)
             Began as an Octopode Hedge Wizard on Oct 11, 2020.
             Was a Believer of Sif Muna.
             Slain by Pikel
             ... wielding a +1 whip of flaming
              (6 damage)
             ... in the Dungeon (Sprint VII: "The Pits").
             The game lasted 00:03:43 (337 turns).

Conn the Thaumaturge (Octopode Hedge Wizard)         Turns: 337, Time: 00:03:44

Health: 0/31       AC:  1    Str: 10    XL:     5   Next: 30%
Magic:  3/15       EV: 14    Int: 17    God:    Sif Muna [**....]
Gold:   0          SH:  0    Dex: 11    Spells: 9/20 levels left

rFire    . . .     SeeInvis .   n - +0 dagger (drain)
rCold    . . .     Faith    .   (no shield)
rNeg     . . .     Spirit   .   b - +0 hat
rPois    .         Reflect  .   (no amulet)
rElec    .         Harm     .   (no ring)
rCorr    .         Rampage  .   (no ring)
MR       .....     NoTele   +   (no ring)
Stlth    ++++......             (no ring)
HPRegen  0.10/turn              (no ring)
MPRegen  0.14/turn              (no ring)
                                (no ring)
                                (no ring)

@: very slightly contaminated, invisible
A: almost no armour, stealthy swim, amphibious, 8 rings, constrict 8, camouflage
1, gelatinous body 1
a: Channel Magic, Renounce Religion


You were in the Dungeon.
You worshipped Sif Muna.
Sif Muna was pleased with you.
You visited 1 branch

Inventory:

Hand Weapons
 a - a +0 dagger
 c - a +2 dagger
 n - a +0 dagger of draining (weapon)
Armour
 b - a +0 hat (worn)
Scrolls
 i - a scroll of blinking
 k - 3 scrolls of remove curse
 l - 5 scrolls of amnesia
 m - a scroll of summoning
Potions
 d - 5 potions of curing
 e - 6 potions of heal wounds
 f - a potion of haste
 g - 4 potions of magic
 h - 3 potions of berserk rage
 j - a potion of invisibility


   Skills:
 + Level 0.3 Short Blades
 + Level 3.9 Dodging
 + Level 5.4 Stealth
 + Level 8.1 Spellcasting
 * Level 2.2 Conjurations
 + Level 1.2 Summonings
 * Level 1.4 Translocations
 * Level 0.6 Fire Magic
 * Level 0.6 Air Magic
 * Level 0.9 Poison Magic
 * Level 0.7 Invocations


You had 9 spell levels left.
You knew the following spells:

 Your Spells              Type           Power        Failure   Level
a - Magic Dart            Conj           ##..         4%          1
b - Blink                 Tloc           N/A          9%          2
c - Call Imp              Summ           ##......     10%         2
d - Conjure Flame         Conj/Fire      ##......     17%         3
e - Mephitic Cloud        Conj/Pois/Air  ##......     19%         3

Your spell library contained the following spells:

 Spells                   Type           Power        Failure   Level
 Slow                     Hex            #.......     16%         2


Dungeon Overview and Level Annotations

Branches:
Dungeon (1/1)

Altars:
Ashenzari
Cheibriados
Dithmenos
Elyvilon
Fedhas
Gozag
Hepliaklqana
Kikubaaqudgha
Makhleb
Nemelex Xobeh
Okawaru
Qazlal
Ru
Sif Muna
Trog
Uskayaw
Vehumet
Wu Jian
Xom
Yredelemnul
Zin
The Shining One
Beogh
Jiyva
Lugonu

Annotations:
D Pikel


Innate Abilities, Weirdness & Mutations

You cannot wear most types of armour.
You are very stealthy in the water. (Stealth+)
You are amphibious.
You can wear up to eight rings at the same time.
You can use your tentacles to constrict eight enemies at once.
Your skin changes colour to match your surroundings (Stealth+).
Your rubbery body absorbs attacks. (AC +1, EV +1)


Message History

You close the door.
Pikel opens the door.
You close the door.
Pikel opens the door.
You close the door.
Pikel opens the door.
You close the door.
Pikel opens the door.
You close the door.
Pikel opens the door.
You close the door.
Pikel opens the door.
Casting: Magic Dart (safe; 4% risk of failure)
Confirm with . or Enter, or press ? or * to list all spells.
The spell is quite dangerous to cast (19% risk of failure)!
Continue anyway?
Okay, then.
Unknown command.
You aren't carrying any items that you can evoke.
You fade into invisibility!
You are very lightly contaminated with residual magic.
You hit Pikel. Your grab misses Pikel. Your squeeze misses Pikel.
Pikel is heavily wounded.
Pikel hits you with a +1 whip of flaming!
* * * LOW HITPOINT WARNING * * *
Pikel burns you.
You die...

############
#_________.#
#_________.#
#_______...###########++
##########'##...........
#.?(.')))'.##......#..#.
##########.##@..........
#.5....J..55K...........
#5#####'#####......#..#.
#§#..)..#[[##...........
#.#.....#))#####'#####++
#.###'###).##.......#
#5#)..†.#))##.......#
#5#.....#..##.......#
#.####'##'###...<...#


You could see Pikel (wandering), 2 lemures and a jelly.

Vanquished Creatures
  A floating eye (D)
  A lemure (D)
  2 worker ants (D)
  A river rat (D)
  An ooze (D)
  A goblin (D)
  A frilled lizard (D)
8 creatures vanquished.

Vanquished Creatures (collateral kills)
  A gnoll (D)
  A giant cockroach (D)
2 creatures vanquished.

Grand Total: 10 creatures vanquished

Notes
Turn   | Place    | Note
-------+----------+-------------------------------------------
     0 | D        | Conn the Octopode Hedge Wizard began the quest for the Orb.
     0 | D        | Reached XP level 1. HP: 11/11 MP: 4/4
     9 | D        | Noticed a floating eye
    12 | D        | Killed a floating eye
    12 | D        | Reached skill level 7 in Spellcasting
    12 | D        | Reached XP level 2. HP: 17/17 MP: 4/10
    12 | D        | Reached XP level 3. HP: 21/21 MP: 4/12
    12 | D        | Reached XP level 4. HP: 27/27 MP: 4/13
    16 | D        | Learned a level 2 spell: Blink
    19 | D        | Learned a level 2 spell: Call Imp
    23 | D        | Learned a level 3 spell: Conjure Flame
    27 | D        | Learned a level 3 spell: Mephitic Cloud
    54 | D        | Found a bloodstained altar of Trog.
    54 | D        | Found a shimmering blue altar of Sif Muna.
    54 | D        | Found a viscous altar of Jiyva.
    54 | D        | Found a hazy altar of Hepliaklqana.
    54 | D        | Found an opulent altar of Gozag.
    55 | D        | Found a glowing golden altar of the Shining One.
    55 | D        | Found a glowing silver altar of Zin.
    55 | D        | Found a basalt altar of Yredelemnul.
    55 | D        | Found a shimmering altar of Xom.
    55 | D        | Found an ornate altar of the Wu Jian Council.
    55 | D        | Found a sacrificial altar of Ru.
    55 | D        | Found a stormy altar of Qazlal.
    55 | D        | Found an iron altar of Okawaru.
    55 | D        | Found a sparkling altar of Nemelex Xobeh.
    55 | D        | Found a burning altar of Makhleb.
    55 | D        | Found a blossoming altar of Fedhas.
    55 | D        | Found a white marble altar of Elyvilon.
    55 | D        | Found a shadowy altar of Dithmenos.
    55 | D        | Found a snail-covered altar of Cheibriados.
    56 | D        | Found a radiant altar of Vehumet.
    56 | D        | Found a corrupted altar of Lugonu.
    56 | D        | Found a roughly hewn altar of Beogh.
    57 | D        | Found an ancient bone altar of Kikubaaqudgha.
    57 | D        | Found a hide-covered altar of Uskayaw.
    57 | D        | Found a broken altar of Ashenzari.
    60 | D        | Became a worshipper of Sif Muna the Loreminder
    70 | D        | Reached skill level 5 in Stealth
   211 | D        | Reached * piety under Sif Muna
   211 | D        | Reached XP level 5. HP: 31/31 MP: 6/15
   224 | D        | Reached ** piety under Sif Muna
   224 | D        | Reached skill level 8 in Spellcasting
   282 | D        | Noticed Pikel
   282 | D        | Noticed a lemure
   282 | D        | Noticed a lemure
   282 | D        | Noticed a lemure
   283 | D        | Noticed a lemure
   328 | D        | Killed a lemure
   337 | D        | Slain by Pikel

Illustrated notes

Levels and vault maps discovered:
D:        pitsprint [storerooms_1, entrance_room_1, metal_vault_4, armoury_1,
          mini_pit_1, grid_room_1, main_hall_1, silver_pit, the_coven_3,
          the_vestibule_1, steel_vault_2, golden_pit, hallway_of_sentries,
          crystal_vault_4, iron_vault_3, final_vault]

Skill      XL: |  1  2  3  4  5 |
---------------+----------------+-----
Dodging        | 3 |  3.9
Stealth        | 4 5 |  5.4
Spellcasting   | 7 8 |  8.1
Conjurations   | 2 |  2.2
Short Blades   | |  0.3
Summonings     | |  1.2
Translocations | |  1.4
Fire Magic     | |  0.6
Air Magic      | |  0.6
Poison Magic   | |  0.9
Invocations    | |  0.7

Action                   |  1- 3 |  4- 6 || total
-------------------------+-------+-------++-------
Melee: Dagger            |     1 |    13 ||    14
       Constrict         |     1 |     3 ||     4
       Tentacles         |     1 |     2 ||     3
 Cast: Call Imp          |       |     7 ||     7
       Magic Dart        |       |     3 ||     3
       Conjure Flame     |       |     3 ||     3
       Mephitic Cloud    |       |     1 ||     1
  Use: Potion            |       |     2 ||     2
 Stab: Sleeping          |     1 |     2 ||     3
       Distracted        |       |     1 ||     1
Dodge: Dodged            |       |     2 ||     2

Table legend: (Time is in decaauts)
 A = Elapsed time spent in this place.
 B = Non-inter-level travel time spent in this place.
 C = Inter-level travel time spent in this place.
 D = Time resting spent in this place.
 E = Time spent auto-exploring this place.
 F = Levels seen in this place.
 G = Mean time per level.
                   A        B        C        D        E       F      G
               +--------+--------+--------+--------+--------+-----+--------+
         Total |    335 |    335 |      0 |    123 |      0 |   1 |  335.0 |
       Dungeon |    335 |    335 |      0 |    123 |      0 |   1 |  335.0 |
               +--------+--------+--------+--------+--------+-----+--------+

Top non-repeatable levels by time:
       D: 335 daAuts
